 Dungeon Crawl Stone Soup version 0.25-a0-474-ga8a2ee3166 (webtiles) character file.

Game seed: 16214210032238642677, levelgen mode: deterministic

164 BeastOfSaturn the Grave Robber (level 5, -2/39 HPs)
             Began as a Minotaur Necromancer on Feb 8, 2020.
             Killed from afar by Sigmund (7 damage)
             ... with a puff of flame
             ... on level 3 of the Dungeon.
             The game lasted 00:20:24 (3468 turns).

BeastOfSaturn the Grave Robber (MiNe)               Turns: 3468, Time: 00:20:24

Health: -2/39      AC:  7    Str: 14    XL:     5   Next: 21%
Magic:  6/6        EV: 10    Int: 12    God:
Gold:   126        SH:  0    Dex: 12    Spells: 2/7 levels left

rFire    . . .     SeeInvis .   l - +0 spear
rCold    . . .     Gourm    .   (no shield)
rNeg     . . .     Faith    .   b - +0 scale mail
rPois    .         Spirit   .   (helmet restricted)
rElec    .         Reflect  .   (no cloak)
rCorr    .         Harm     .   (no gloves)
MR       .....                  i - +0 pair of boots
Stlth    ..........             (no amulet)
HPRegen  0.13/turn              j - ring of wizardry
MPRegen  0.10/turn              n - +2 ring of dexterity

@: lethally poisoned (-2 -> -12)
A: retaliatory headbutt, horns 2
a: no special abilities


You were on level 3 of the Dungeon.
You were not hungry.

You visited 1 branch of the dungeon, and saw 3 of its levels.

You collected 126 gold pieces.

Inventory:

Hand Weapons
 e - a +0 club
 f - a -3 spear
 l - a +0 spear (weapon)
Armour
 a - a +0 robe
 b - a +0 scale mail (worn)
 i - a +0 pair of boots (worn)
 p - a +0 hat
Jewellery
 h - a cursed amulet of inaccuracy
 j - a ring of wizardry (left hand)
 n - a +2 ring of dexterity (right hand)
Wands
 g - a wand of flame (11)
Scrolls
 d - a scroll of magic mapping {unknown}
 o - 2 scrolls of fear {unknown}
 q - 4 scrolls of teleportation {unknown}
 r - a scroll of blinking {unknown}
 t - a scroll of enchant armour {unknown}
 u - 2 scrolls of fog {unknown}
 v - 2 scrolls of enchant weapon {unknown}
Potions
 k - 2 potions of might
Comestibles
 c - 7 rations
 m - 5 chunks of flesh


   Skills:
 + Level 0.8 Fighting
 * Level 3.4 Polearms
 * Level 2.4 Armour
 - Level 2.1 Dodging
 - Level 1.5 Stealth
 + Level 1.8 Spellcasting
 + Level 3.5 Necromancy


You had 2 spell levels left.
You knew the following spells:

 Your Spells              Type           Power        Failure   Level  Hunger
a - Pain                  Necr           #...         11%         1    ##.....
b - Animate Skeleton      Necr           N/A          11%         1    ##.....
c - Vampiric Draining     Necr           #.........   32%         3    ####...

Your spell library contained the following spells:

 Spells                   Type           Power        Failure   Level  Hunger
 Animate Dead             Necr           N/A          69%         4    #####..
 Agony                    Necr           #.......     95%         5    ######.


Dungeon Overview and Level Annotations

Branches:
Dungeon (3/15)

Altars:

Annotations:
D:3 Sigmund


Innate Abilities, Weirdness & Mutations

You reflexively headbutt those who attack you in melee.
You have a pair of horns on your head.


Message History

You feel sick.
* * * LOW HITPOINT WARNING * * *
You feel sick.
* * * LOW HITPOINT WARNING * * *
You feel sick.
You bump into the rock wall.
You feel less confused.
* * * LOW HITPOINT WARNING * * *
You feel sick. Sigmund misses you.
* * * LOW HITPOINT WARNING * * *
You feel sick. Sigmund gestures at you while chanting.
You resist with some effort.
* * * LOW HITPOINT WARNING * * *
You feel sick.
* * * LOW HITPOINT WARNING * * *
You feel sick. Sigmund casts a spell at you. The puff of flame hits you!
You die...

#.# #.#...#.#.
########.#.#
..#...###
#......S.#.# .#.#...#
####.#####.##.#.#....
#.# ##.##.#...###≈
#S# #...#.#...# .#
#.# #...#.#... .
#@####........##
#...@...##.##..#
##########........#
#.<.......###.#####
#########...÷..#
#.)..##..# #.#.###..#
#.#.# #.... # #.#
#...## #.# #...<#


You could see Sigmund.

Vanquished Creatures
  An orc priest (D:3)
  An orc wizard (D:3)
  A worker ant (D:3)
  An adder (D:3)
  2 worms (D:2)
  3 leopard geckos
  4 orcs (D:3)
  A ball python (D:2)
  4 bats
  5 giant cockroaches
  12 goblins
  6 hobgoblins
  3 jackals (D:2)
  5 kobolds
  2 quokkas (D:3)
  6 rats
57 creatures vanquished.

Notes
Turn   | Place    | Note
-------+----------+-------------------------------------------
     0 | D:1      | BeastOfSaturn the Minotaur Necromancer began the quest for
                  | the Orb.
     0 | D:1      | Reached XP level 1. HP: 14/14 MP: 1/1
   250 | D:1      | Reached XP level 2. HP: 20/20 MP: 0/3
  1120 | D:2      | Learned a level 1 spell: Animate Skeleton
  1244 | D:2      | Reached XP level 3. HP: 16/26 MP: 2/4
  1479 | D:2      | Reached skill level 1 in Polearms
  1993 | D:2      | Reached skill level 1 in Armour
  2214 | D:2      | Learned a level 3 spell: Vampiric Draining
  2217 | D:3      | Noticed Sigmund
  2407 | D:3      | HP: 1/26 [poisoned by Sigmund]
  2413 | D:3      | HP: 1/26 [poisoned by Sigmund]
  2848 | D:3      | Reached XP level 4. HP: 17/34 MP: 2/5
  3313 | D:3      | Reached XP level 5. HP: 37/39 MP: 6/6
  3468 | D:3      | Killed from afar by Sigmund

Levels and vault maps discovered:
D:1:      saegor_arrival_simple_d, layout_loops_corners,
          minmay_stone_trees_large, bh_walls_and_bars
D:2:      layout_loops_ring, minmay_door_square, columned_hall_lemuel
D:3:      minmay_inner_zag, layout_basic, chequers_serial_rivers_micro_c,
          hangedman_ru_absence, uniq_sigmund

Skill      XL: |  1  2  3  4 |
---------------+-------------+-----
Necromancy     | 3 |  3.5
Polearms       | 2 3 |  3.4
Armour         | 1 2 |  2.4
Fighting       | |  0.8
Dodging        | |  2.1
Stealth        | |  1.5
Spellcasting   | |  1.8

Action                   |  1- 3 |  4- 6 || total
-------------------------+-------+-------++-------
Melee: Unarmed           |    24 |       ||    24
       Headbutt          |    13 |     6 ||    19
       Spear             |   102 |    60 ||   162
       Club              |     7 |       ||     7
 Cast: Pain              |    15 |     1 ||    16
       Animate Skeleton  |     4 |     1 ||     5
       Vampiric Draining |     1 |       ||     1
  Use: Scroll            |     3 |     1 ||     4
       Potion            |     5 |       ||     5
  Eat: Ration            |     2 |     1 ||     3
       Chunk             |       |     1 ||     1
Armor: Scale mail        |    63 |    15 ||    78
       Robe              |     1 |       ||     1
Dodge: Dodged            |    60 |    27 ||    87

Table legend:
 A = Non-vault XP
 B = Vault XP
 C = Vault XP percentage of total XP
 D = Non-vault monster count
 E = Vault monster count
 F = Vault count percentage of total count
                 A         B        C        D         E       F
            +---------+---------+-------+---------+---------+-------
      Total |     235 |       0 |   0.0 |      57 |       0 |   0.0
            +---------+---------+-------+---------+---------+-------
        D:1 |      32 |       0 |   0.0 |      19 |       0 |   0.0
        D:2 |      49 |       0 |   0.0 |      23 |       0 |   0.0
        D:3 |     154 |       0 |   0.0 |      15 |       0 |   0.0
            +---------+---------+-------+---------+---------+-------
